 Dungeon Crawl Stone Soup version 0.27-a0-1177-g245c70e1c0 (webtiles) character file.

Game seed: 17166786985231746604

4208 LabCoat the Cleaver (level 10, -9/84 HPs)
             Began as a Hill Orc Fighter on Apr 12, 2021.
             Killed from afar by Maggie (25 damage)
             ... with a bolt of fire
             ... on level 8 of the Dungeon on May 16, 2021.
             The game lasted 00:31:41 (9725 turns).

LabCoat the Cleaver (Hill Orc Fighter)              Turns: 9725, Time: 00:31:42

Health: -9/84      AC: 17    Str: 23      XL:     10   Next: 29%
Magic:  10/10      EV:  5    Int:  8      God:
Gold:   335        SH: 11    Dex:  9 (10) Spells: 9/9 levels left

rFire    . . .     SeeInvis .   a - +0 war axe
rCold    . . .     Faith    .   c - +1 kite shield
rNeg     + . .     Spirit   .   r - +0 plate armour
rPois    .         Reflect  .   B - +0 helmet
rElec    .         Harm     .   (no cloak)
rCorr    .         Rampage  .   n - +2 pair of gloves
Will     .....                  (no boots)
Stlth    ..........             y - amulet of magic regeneration
HPRegen  0.24/turn              m - ring of wizardry
MPRegen  0.37/turn              E - ring of positive energy

@: mighty, very slightly contaminated, invisible
A: no striking features
a: no special abilities


You were on level 8 of the Dungeon.
You visited 2 branches of the dungeon, and saw 9 of its levels.

You collected 335 gold pieces.

Inventory:

Hand Weapons
 a - a +0 war axe (weapon)
 o - a +0 flail
 v - a +2 mace of draining
 A - a +0 morningstar
 D - the +7 hunting sling "Ruollal" {flame, Int+3}
   (You found it on level 6 of the Dungeon)

   It causes projectiles fired from it to burn those they strike, causing extra
   injury to most foes and up to half again as much damage against particularly
   susceptible opponents.
   It affects your intelligence (+3).
Missiles
 f - 6 boomerangs (quivered)
 g - 24 poisoned darts
 s - 3 javelins
 w - 2 throwing nets
Armour
 c - a +1 kite shield (worn)
 n - a +2 pair of gloves (worn)
 r - a +0 plate armour (worn)
 B - a +0 helmet (worn)
Jewellery
 h - a +4 ring of protection
 m - a ring of wizardry (left hand)
 y - an amulet of magic regeneration (around neck)
 E - a ring of positive energy (right hand)
Wands
 i - a wand of mindburst (9)
 q - a wand of flame (25)
Scrolls
 b - a scroll of holy word
 t - 3 scrolls of teleportation
 u - a scroll of silence {unknown}
 x - a scroll of enchant weapon {unknown}
 z - 3 scrolls of identify
 C - a scroll of magic mapping
Potions
 d - a potion of might
 j - a potion of cancellation {unknown}
 k - a potion of degeneration
 l - a potion of attraction
 p - a potion of haste


   Skills:
 + Level 6.9 Fighting
 * Level 13.3 Axes
 + Level 2.7 Throwing
 + Level 7.1 Armour
 + Level 7.1 Shields
 + Level 1.3 Evocations


You had 9 spell levels left.
You didn't know any spells.
Your spell library contained the following spells:

 Spells                   Type           Power      Damage    Failure   Level
 Beastly Appendage        Tmut           0%         N/A       99%         1
 Wereblood                Tmut           0%         N/A       100%        2
 Confusing Touch          Hex            0%         N/A       100%        3
 Gell's Gravitas          Tloc           0%         N/A       100%        3
 Spider Form              Tmut/Pois      0%         N/A       100%        3
 Ice Form                 Ice/Tmut       0%         N/A       100%        4
 Petrify                  Tmut/Erth      0%         N/A       100%        4
 Hydra Form               Tmut           0%         N/A       100%        5
 Metabolic Englaciation   Hex/Ice        0%         N/A       100%        5
 Yara's Violent Unravell  Hex/Tmut       0%         3d3       100%        5


Dungeon Overview and Level Annotations

Branches:
Dungeon (8/15)             Temple (1/1) D:6            Lair (0/6) D:8

Altars:
Ashenzari
Cheibriados
Dithmenos
Elyvilon
Fedhas
Gozag
Hepliaklqana
Kikubaaqudgha
Makhleb
Nemelex Xobeh
Okawaru
Qazlal
Ru
Sif Muna
Trog
Uskayaw
Vehumet
Wu Jian
Xom
Yredelemnul
Zin
The Shining One

Shops:
D:6 (

Annotations:
D:8 Maggie


Message History

You are too injured to fight recklessly!
You are too injured to fight recklessly!
You are too injured to fight recklessly!
You are too injured to fight recklessly!
You are too injured to fight recklessly!
You feel very mighty all of a sudden. Maggie hits you with a +0 scimitar!
* * * LOW HITPOINT WARNING * * *
You slash Maggie!
Maggie is moderately wounded.
Maggie hits you with a +0 scimitar.
* * * LOW HITPOINT WARNING * * *
You barely miss Maggie.
Maggie is moderately wounded.
You hit Maggie but do no damage.
Maggie is moderately wounded.
You block Maggie's attack.
You completely miss Maggie.
Maggie is moderately wounded.
Maggie hits you with a +0 scimitar.
* * * LOW HITPOINT WARNING * * *
You fade into invisibility!
Maggie hits you but does no damage.
You are very lightly contaminated with residual magic.
You strike the helpless Maggie from behind!
You slash Maggie!
Maggie is heavily wounded.
You slash Maggie!
Maggie is severely wounded.
Maggie hits you with a +0 scimitar.
* * * LOW HITPOINT WARNING * * *
You completely miss Maggie.
Maggie is severely wounded.
You block Maggie's attack.
You strike the helpless Maggie from behind!
You hit Maggie.
Maggie is severely wounded.
Maggie points at you and mumbles some strange words.
The bolt of fire hits you!!
You die...

#..## ....#######.# #
............# #.
#...#######.### .# #
.....### ... .# .#
.......# #.# .##..#.
..(....# #.###.......
.....#.######....@......
....###.........@..>#
#....#.######.###.......
#####.## #.# ......# ###
#.. ....#.. #### #......
#.#.## .#.# .# #


You could see Maggie.

Vanquished Creatures
  Pikel (D:5)
  A hornet (D:7)
  A wyvern (D:8)
  2 steam dragons
  A water moccasin (D:7)
  5 black bears
  A sky beast (D:5)
  An orc warrior (D:8)
  2 necrophages
  3 ogres (D:6)
  4 centaurs
  2 lemures (D:5)
  A phantom (D:5)
  A bullfrog (D:4)
  A gnoll sergeant (D:6)
  A scorpion (D:4)
  A water moccasin skeleton (D:6)
  8 wights
  A howler monkey (D:5)
  A centaur zombie (D:7)
  3 jellies (D:6)
  A bullfrog skeleton (D:3)
  6 hounds
  4 orc priests
  2 centaur skeletons (D:5)
  2 iguanas
  Terence (D:3)
  3 orc wizards
  5 gnolls (D:6)
  2 howler monkey zombies
  8 adders
  A white imp (D:6)
  An ufetubus (D:6)
  An adder skeleton (D:4)
  3 worms
  4 dart slugs
  25 orcs
  2 endoplasms
  2 giant cockroaches
  5 goblins
  8 hobgoblins
  9 jackals
  12 kobolds
  3 quokkas
  7 ball pythons
  3 bats
  A frilled lizard (D:1)
  3 rats
166 creatures vanquished.

Notes
Turn   | Place    | Note
-------+----------+-------------------------------------------
     0 | D:1      | LabCoat the Hill Orc Fighter began the quest for the Orb.
     0 | D:1      | Reached XP level 1. HP: 19/19 MP: 1/1
   150 | D:1      | Reached skill level 3 in Axes
   283 | D:1      | Reached XP level 2. HP: 27/27 MP: 2/2
   287 | D:1      | Found a faded altar of an unknown god.
   695 | D:2      | Reached XP level 3. HP: 8/33 MP: 3/3
  1385 | D:2      | Reached skill level 4 in Axes
  1385 | D:2      | Reached XP level 4. HP: 40/40 MP: 4/4
  1803 | D:3      | Noticed Terence
  1808 | D:3      | Killed Terence
  1899 | D:3      | Reached XP level 5. HP: 44/47 MP: 5/5
  1930 | D:3      | Reached skill level 5 in Axes
  2276 | D:3      | Found a large runed translucent door.
  2277 | D:3      | Found a large runed translucent door.
  2466 | D:3      | HP: 1/47 [jackal (2)]
  2471 | D:3      | Reached skill level 1 in Throwing
  2471 | D:3      | Reached XP level 6. HP: 2/53 MP: 6/6
  3171 | D:3      | Found a sacrificial altar of Ru.
  3180 | D:3      | Found a snail-covered altar of Cheibriados.
  3231 | D:4      | Reached skill level 6 in Axes
  3636 | D:4      | Reached skill level 7 in Axes
  3771 | D:4      | Reached XP level 7. HP: 60/60 MP: 7/7
  4244 | D:4      | Identified the +1 ring mail of Purpose {Harm rPois Int-5}
  4323 | D:5      | Entered Level 5 of the Dungeon
  4427 | D:5      | Reached skill level 8 in Axes
  4579 | D:5      | Reached skill level 5 in Shields
  4623 | D:5      | Reached skill level 5 in Fighting
  4623 | D:5      | Reached XP level 8. HP: 68/68 MP: 8/8
  4716 | D:5      | Reached skill level 9 in Axes
  4719 | D:5      | Reached skill level 5 in Armour
  4909 | D:5      | Noticed Pikel
  4929 | D:5      | Killed Pikel
  4930 | D:5      | Reached skill level 10 in Axes
  4940 | D:5      | HP: 3/69 [something (6)]
  4945 | D:5      | HP: 3/69 [something (6)]
  5206 | D:5      | Reached XP level 9. HP: 73/74 MP: 9/9
  5209 | D:5      | Reached skill level 11 in Axes
  6044 | D:6      | Found a white marble altar of Elyvilon.
  6332 | D:6      | Found Taecas's Weapon Boutique.
  6401 | D:6      | Found a staircase to the Ecumenical Temple.
  6431 | D:7      | Reached skill level 12 in Axes
  6446 | D:7      | Noticed a hornet
  6451 | D:7      | Paralysed by a hornet for 2 turns
  6456 | D:7      | Paralysed by a hornet for 2 turns
  6783 | Temple   | Entered the Ecumenical Temple
  7066 | D:7      | Paralysed by a hornet for 2 turns
  7075 | D:7      | Killed a hornet
  7267 | D:7      | Upgraded the game from 0.27-a0-955-gb57c80000f to
                  | 0.27-a0-972-gd1521fd518
  7267 | D:7      | Upgraded the game from 0.27-a0-972-gd1521fd518 to
                  | 0.27-a0-1177-g245c70e1c0
  7669 | D:6      | Identified the +7 hunting sling "Ruollal" {flame, Int+3}
  7748 | D:6      | Reached skill level 1 in Evocations
  7956 | D:6      | Found a glowing golden altar of the Shining One.
  7958 | D:6      | Noticed an angel
  7981 | D:6      | Found a basalt altar of Yredelemnul.
  7984 | D:6      | Noticed a profane servitor
  8085 | D:6      | Reached XP level 10. HP: 81/84 MP: 10/10
  8187 | D:6      | Identified the +3 ring mail "Sugegh" {rF- Dex+4 Stlth+}
  8367 | D:6      | Found a bloodstained altar of Trog.
  8841 | D:7      | Reached skill level 13 in Axes
  9563 | D:8      | Found a staircase to the Lair.
  9707 | D:8      | Noticed Maggie
  9725 | D:8      | Killed from afar by Maggie

Illustrated notes

Levels and vault maps discovered:
D:1:      scummos_arrival_forest, layout_loops_ring,
          hellmonk_ecumenical_altar_inner_sanctum
D:2:      layout_rooms, minmay_fountain_box, minmay_pentomino_s4
D:3:      layout_basic, jmf_multi_god_temple2, feat_on_display, uniq_terence
D:4:      layout_basic, minivault_1
D:5:      layout_layer_cave, kennysheep_minor_cross, uniq_pikel
D:6:      layout_basic, general_overflow_altar, elyvilon_altar_4,
          grunt_temple_overflow_holy_war, minmay_temple_entry_mist,
          serial_shops, shop
D:7:      layout_cave_pools
D:8:      layout_loops_ring, lair_entry_dummy, uniq_maggie
Temple:   eino_temple_rhombus

Skill      XL: |  1  2  3  4  5  6  7  8  9 10 |
---------------+-------------------------------+-----
Axes           | 3 4 5 7 8 10 12 13 | 13.3
Fighting       | 4 5 6 |  6.9
Shields        | 4 5 6 7 |  7.1
Throwing       | 1 2 |  2.7
Armour         | 4 5 6 7 |  7.1
Evocations     | 1 |  1.3

Action                   |  1- 3 |  4- 6 |  7- 9 | 10-12 || total
-------------------------+-------+-------+-------+-------++-------
Melee: War axe           |    84 |   105 |   276 |   107 ||   572
Throw: Boomerang         |     3 |    27 |    39 |     9 ||    78
Evoke: Wand              |       |       |    14 |     4 ||    18
  Use: Scroll            |     2 |     4 |     4 |     2 ||    12
       Potion            |       |     1 |     9 |     2 ||    12
 Stab: Invisible         |       |       |       |     2 ||     2
Armor: Scale mail        |    42 |       |       |       ||    42
       Chain mail        |    10 |    56 |   224 |    12 ||   302
       Skin              |       |       |     7 |       ||     7
       Plate armour      |       |       |       |    36 ||    36
Dodge: Dodged            |    34 |    25 |    73 |    14 ||   146
Block: Kite shield       |    70 |    67 |   174 |    57 ||   368

Table legend: (Time is in decaauts)
 A = Elapsed time spent in this place.
 B = Non-inter-level travel time spent in this place.
 C = Inter-level travel time spent in this place.
 D = Time resting spent in this place.
 E = Time spent auto-exploring this place.
 F = Levels seen in this place.
 G = Mean time per level.
                   A        B        C        D        E       F      G
               +--------+--------+--------+--------+--------+-----+--------+
         Total |   9917 |   9726 |    191 |   2949 |   5311 |   9 | 1101.9 |
       Dungeon |   9734 |   9555 |    179 |   2949 |   5143 |   8 | 1216.8 |
        Temple |    182 |    170 |     12 |      0 |    168 |   1 |  182.0 |
               +--------+--------+--------+--------+--------+-----+--------+

Top non-repeatable levels by time:
     D:6: 2288 daAuts
     D:5: 1603 daAuts
     D:3: 1555 daAuts
     D:4: 1146 daAuts
     D:2: 1074 daAuts
     D:7: 817 daAuts
     D:1: 676 daAuts
     D:8: 573 daAuts
  Temple: 182 daAuts
